 Dungeon Crawl Stone Soup version 0.20.0-10-g0535bb4 (console) character file.

35 removed the Sneak (level 3, 18/20 HPs)
             Began as a Deep Elf Assassin on June 4, 2017.
             Quit the game on level 2 of the Dungeon.
             The game lasted 00:01:15 (1164 turns).

removed the Sneak (Deep Elf Assassin)               Turns: 1164, Time: 00:01:16

Health: 18/20      AC:  4    Str:  8    XL:     3   Next: 16%
Magic:  5/5        EV: 12    Int: 16    God:
Gold:   108        SH:  0    Dex: 16    Spells: 2/2 levels left

rFire    . . .     SeeInvis .   b - +0 blowgun
rCold    + . .     Gourm    .   (no shield)
rNeg     . . .     Faith    .   c - +0 robe
rPois    .         Spirit   .   (no helmet)
rElec    .         Reflect  .   d - +0 cloak
rCorr    .         Harm     .   h - +0 pair of gloves
MR       .....                  (no boots)
Stlth    +++.......             (no amulet)
Regen    0.1/turn               m - ring of protection from cold
MPRegen  0.1/turn               (no ring)

@: no status effects
A: no striking features
a: no special abilities


You were on level 2 of the Dungeon.
You were not hungry.

You visited 1 branch of the dungeon, and saw 2 of its levels.

You collected 108 gold pieces.

Inventory:

Hand Weapons
 a - a +2 dagger
 b - a +0 blowgun (weapon)
Missiles
 e - 4 poisoned needles (quivered)
 f - 2 curare-tipped needles
 s - a throwing net
Armour
 c - a +0 robe (worn)
 d - a +0 cloak (worn)
 h - a +0 pair of gloves (worn)
Jewellery
 m - a ring of protection from cold (left hand)
Scrolls
 i - a scroll of identify {unknown}
 k - a scroll of immolation {unknown}
 l - a scroll of remove curse {unknown}
 n - a scroll of amnesia {unknown}
 o - a scroll of teleportation {unknown}
Potions
 t - a potion of mutation {unknown}
Comestibles
 g - 2 bread rations
 p - a royal jelly
 q - 4 chunks of flesh
 r - a meat ration


   Skills:
 - Level 1.5 Fighting
 + Level 3.6 Short Blades
 - Level 2.0 Throwing
 - Level 1.2 Dodging
 - Level 4.8 Stealth


You had 2 spell levels left.
You didn't know any spells.

Dungeon Overview and Level Annotations

Branches:
Dungeon (2/15)

Altars:


Message History

Firing (i - inventory. (,) - cycle):
e - 6 poisoned needles (quivered)
Press: ? - help, Shift-Dir - straight line, f/p - gnoll
Aim: a gnoll, wielding a spear You shoot a poisoned needle.
The poisoned needle hits the gnoll.
The gnoll is poisoned.
The gnoll shouts!
The giant cockroach barely misses you.
Firing (i - inventory. (,) - cycle):
e - 5 poisoned needles (quivered)
Press: ? - help, Shift-Dir - straight line, f/p - gnoll
Aim: a gnoll, wielding a spear (lightly wounded, poisoned)
You shoot a poisoned needle. The poisoned needle hits the gnoll.
The gnoll looks even sicker.
The gnoll is lightly wounded.
The giant cockroach bites you but does no damage.
The giant cockroach closely misses you.
A rat comes into view.
The giant cockroach closely misses you.
There is an escape hatch in the ceiling here.
The rat bites you.
Are you sure you want to abandon this character and quit the game? (Confirm with "yes".)

.#.######### ...>.......#
#........# ...........#
..+........## ...........#
#.#........## ...........#
#.#........## ...(.......#
#.#........## ..(........#
###.#........##
.(.........####+###..............
.#####....ggg.gs@r...............
#...........................
#...........................
#...........................
#..........รท................
#...#.######..##'###########
#####.#....#'###.# ######
#.#.##.#..##.# #.....
#.#..#.##.##.# #.####


You could see 4 gnolls, a giant cockroach and a rat.

Vanquished Creatures
  2 dart slugs
  A leopard gecko (D:2)
  A giant cockroach (D:1)
  3 goblins
  4 hobgoblins
  A ball python (D:1)
  5 bats
  A frilled lizard (D:1)
  5 kobolds
  7 rats
30 creatures vanquished.

Notes
Turn   | Place    | Note
-------+----------+-------------------------------------------
     0 | D:1      | removed the Deep Elf Assassin began the quest for the Orb.
     0 | D:1      | Reached XP level 1. HP: 12/12 MP: 3/3
   246 | D:1      | Reached XP level 2. HP: 16/16 MP: 4/4
   971 | D:2      | Reached XP level 3. HP: 20/20 MP: 5/5
  1164 | D:2      | Quit the game

Skill      XL: |  1  2 |
---------------+-------+-----
Short Blades   | 3 |  3.6
Fighting       | |  1.5
Throwing       | |  2.0
Dodging        | |  1.2
Stealth        | |  4.8

Action                   || total
-------------------------++-------
Melee: Dagger            ||    85
 Fire: Blowgun           ||     4
 Stab: Sleeping          ||     8
  Eat: Chunk             ||     1
Armor: Robe              ||    26
Dodge: Dodged            ||    48
